 Dungeon Crawl Stone Soup version 0.30.1-1-g62c8e00024 (webtiles) character file.

Game seed: 18330763994839259884

27 GeoRichter the Grasshopper (level 3, 0/30 HPs)
             Began as a Meteoran Warper on July 15, 2023.
             Succumbed to an adder's poison
             ... on level 1 of the Dungeon.
             The game lasted 00:01:58 (423 turns).

GeoRichter the Grasshopper (Meteoran Warper)         Turns: 423, Time: 00:01:58

Health: 0/30       AC:  3    Str: 15    XL:     3   Next: 44%
Magic:  8/8        EV: 12    Int: 14    God:
Gold:   32         SH:  0    Dex: 13    Spells: 7/7 levels left

rFire   . . .        a - +0 mace
rCold   . . .        (no shield)
rNeg    . . .        b - +0 leather armour
rPois   .            (no helmet)
rElec   .            (no cloak)
rCorr   .            (no gloves)
SInv    .            (no boots)
Will    .....        (no amulet)
Stlth   +            (no ring)
HPRegen 0.25/turn    (no ring)
MPRegen 0.11/turn

%: no passive effects
@: lethally poisoned (0 -> -3), glowing
A: sense surroundings 1, otherworldly, glowing, explore regen
a: no special abilities


You were on level 1 of the Dungeon.
You visited 1 branch of the dungeon, and saw 2 of its levels.

You collected 32 gold pieces.

Inventory:

Hand Weapons
 a - a +0 mace (weapon)
Missiles
 d - 7 boomerangs of dispersal (quivered) {!f}
 f - 7 poisoned darts
Armour
 b - a +0 leather armour (worn)
Scrolls
 e - a scroll of fog
 g - a scroll of teleportation {unknown}
 i - a scroll of brand weapon {unknown}
 k - a scroll of immolation {unknown}
Potions
 h - a potion of curing {unknown}
 j - a potion of degeneration {unknown}


   Skills:
 + Level 2.6 Fighting
 * Level 3.8 Maces & Flails
 - Level 1.2 Throwing
 - Level 1.2 Armour
 - Level 2.4 Dodging
 - Level 2.6 Spellcasting
 + Level 4.0 Translocations


You had 7 spell levels left.
You didn't know any spells.
Your spell library contained the following spells:

 Spells                   Type           Power      Damage    Failure   Level
 Blink                    Tloc           26%        N/A       8%          2
 Lesser Beckoning         Tloc           26%        N/A       8%          2
 Teleport Other           Tloc           13%        N/A       16%         3
 Vhi's Electric Charge    Tloc/Air       14%        N/A       34%         3
 Manifold Assault         Tloc           13%        N/A       45%         4
 Inner Flame              Hex/Fire       1%         N/A       63%         3
 Flame Wave               Conj/Fire      1%         2d4       95%         4
 Sticky Flame             Conj/Fire      1%         2d3       95%         4


Dungeon Overview and Level Annotations

Branches:
Dungeon (2/15) Zot: 757

Altars:


Innate Abilities, Weirdness & Mutations

You passively map a small area around you.
You are easily found by Zot.
You glow in the dark.
You regain HP and MP as you explore.


Message History

As you read the scroll of blinking, it crumbles to dust.
The giant cockroach bites you but does no damage.
The giant cockroach bites you.
* * * LOW HITPOINT WARNING * * *
You barely miss the giant cockroach. The giant cockroach bites you.
* * * LOW HITPOINT WARNING * * *
You hit the giant cockroach.
The giant cockroach is severely wounded.
The giant cockroach closely misses you.
The giant cockroach bites you but does no damage.
You barely miss the giant cockroach.
The giant cockroach is severely wounded.
The giant cockroach bites you but does no damage.
You hit the giant cockroach but do no damage.
Your punch misses the giant cockroach.
The giant cockroach is severely wounded.
The giant cockroach waves its antennae.
The giant cockroach closely misses you.
You barely miss the giant cockroach.
The giant cockroach is severely wounded.
The giant cockroach bites you but does no damage.
The giant cockroach barely misses you.
You sock the giant cockroach!
You kill the giant cockroach!
The rat bites you.
* * * LOW HITPOINT WARNING * * *
The adder bites you but does no damage.
You hit the rat.
You kill the rat!
The adder bites you but does no damage.
You miss the adder.
The adder is heavily wounded.
The adder barely misses you. The adder bites you.
* * * LOW HITPOINT WARNING * * *
You barely miss the adder.
The adder is heavily wounded.
The adder bites you.
* * * LOW HITPOINT WARNING * * *
You miss the adder.
The adder is heavily wounded.
The adder barely misses you. x2
You hit the adder.
The adder is heavily wounded.
The adder bites you.
* * * LOW HITPOINT WARNING * * *
You are lethally poisoned!
The adder poisons you!
You closely miss the adder.
The adder is heavily wounded.
You die...

#†..#..............######.# ,.*
#...#..............# ### .
#...#.............##
#...#.#........÷..#
###.....##...#....#.#
.....#########.##...# .###.#
##.##.############### .# .#
####.....)..........##..
.#########.....#@###########.##..
.#.........###.#S### ##.##..
...#######......S>.# #...#.. .###
#.........# #.....# .#
#.........# #...### ##
#.........# ###.# #.........# #.#
#.........# #..* #.........# ##.*


You could see an adder and a ball python.

Vanquished Creatures
  A dart slug (D:1)
  An endoplasm (D:1)
  A giant cockroach (D:1)
  3 goblins (D:1)
  4 hobgoblins (D:1)
  4 jackals (D:1)
  2 bats (D:1)
  3 frilled lizards (D:1)
  A kobold (D:2)
  2 rats (D:1)
22 creatures vanquished.

Notes
Turn   | Place    | Note
-------+----------+-------------------------------------------
     0 | D:1      | GeoRichter the Meteoran Warper began the quest for the Orb.
     0 | D:1      | Reached XP level 1. HP: 17/17 MP: 5/5
    33 | D:1      | Reached XP level 2. HP: 14/25 MP: 6/6
   216 | D:1      | Reached XP level 3. HP: 30/30 MP: 8/8
   222 | D:1      | Reached skill level 4 in Translocations
   423 | D:1      | Succumbed to an adder's poison

Illustrated notes

Levels and vault maps discovered:
D:1:      evilmike_arrival_crescent, layout_rooms
D:2:      layout_basic, minmay_fractal_squares_gapless_5

Skill      XL: |  1  2  3 |
---------------+----------+-----
Maces & Flails | 3 |  3.8
Translocations | 4 |  4.0
Fighting       | |  2.6
Throwing       | |  1.2
Armour         | |  1.2
Dodging        | |  2.4
Spellcasting   | |  2.6

Action                     || total
---------------------------++-------
  Melee: Mace              ||    82
    Use: Scroll            ||     2
 Armour: Leather armour    ||    48
  Dodge: Dodged            ||    69
